TOP OF THE 1ST |
Belleville Bulls batting - Pitching for Grim Reapers : RHP Alberto López
|
Pitching: RHP Alberto López
|
|
Batting: SHB Aristotle Auer
|
0-0: Foul Ball, location: 2F 0-1: Swinging Strike 0-2: Ball 1-2: Strikes out swinging
|
Batting: RHB Tom Rowland
|
0-0: Called Strike 0-1: Foul Ball, location: 2F 0-2: Ball 1-2: SINGLE (Flyball, 8LS, EV 91.9 MPH)
|
Batting: RHB Amor Campos
|
0-0: Called Strike 0-1: Foul Ball, location: 2F 0-2: Ball 1-2: DOUBLE (Line Drive, 9LS, EV 111.2 MPH) Tom Rowland to third
|
Batting: RHB Spencer Wiggins
|
0-0: Called Strike Balk! Tom Rowland scores Amor Campos to third 0-1: Called Strike 0-2: Ball 1-2: Strikes out swinging
|
Batting: LHB Travis Ladd
|
0-0: Foul Ball, location: 2F 0-1: Ball Passed Ball! Amor Campos scores 1-1: Foul Ball, location: 2F 1-2: Ball 2-2: Foul Ball, location: 2F 2-2: Ground out 4-3 (Groundball, 34D, EV 101.9 MPH)
|
Top of the 1st over - 2 runs, 2 hits, 0 errors, 0 left on base; Belleville 2 - Grim 0 |
BOTTOM OF THE 1ST |
Grim Reapers batting - Pitching for Belleville Bulls : RHP Jonathan Campbell
|
Pitching: RHP Jonathan Campbell
|
|
Batting: LHB Lorenzo Ortíz
|
0-0: Ball 1-0: Ball 2-0: Swinging Strike 2-1: Ground out 5-3 (Groundball, 56, EV 87.5 MPH)
|
Batting: RHB Hayes Rutherford
|
0-0: Called Strike 0-1: SINGLE (Groundball, 6, EV 110.6 MPH) (infield hit)
|
Batting: RHB Lonnie Doble
|
0-0: Called Strike 0-1: Fly out, F9 (Flyball, 8RS, EV 91.2 MPH)
|
Batting: SHB Fernando Urby
|
0-0: Ball 1-0: Called Strike 1-1: Ball 2-1: Ball 3-1: Base on Balls Hayes Rutherford to second
|
Batting: LHB Lonnie Baker
|
0-0: DOUBLE (Line Drive, 78XD, EV 109.4 MPH) Hayes Rutherford scores Fernando Urby to third
|
Batting: SHB Tekkan Hayagawa
|
0-0: Called Strike 0-1: Foul Ball, location: 2F 0-2: Foul Ball, location: 2F 0-2: Foul Ball, location: 2F 0-2: Ball 1-2: Foul Ball, location: 2F 1-2: Ground out U3 (Groundball, 3, EV 81.2 MPH)
|
Bottom of the 1st over - 1 run, 2 hits, 0 errors, 2 left on base; Belleville 2 - Grim 1 |
TOP OF THE 2ND |
Belleville Bulls batting - Pitching for Grim Reapers : RHP Alberto López
|
Batting: RHB Josh Iriarte
|
0-0: Called Strike 0-1: Swinging Strike 0-2: Strikes out swinging
|
Batting: RHB Sean Urien
|
0-0: Swinging Strike 0-1: Ball 1-1: Foul Ball, location: 2F 1-2: Strikes out looking
|
Batting: RHB Han Spoelstra
|
0-0: Ground out 4-3 (Groundball, 4, EV 83.1 MPH)
|
Top of the 2nd over - 0 runs, 0 hits, 0 errors, 0 left on base; Belleville 2 - Grim 1 |
BOTTOM OF THE 2ND |
Grim Reapers batting - Pitching for Belleville Bulls : RHP Jonathan Campbell
|
Batting: RHB Alfred Coleman
|
0-0: Called Strike 0-1: Ball 1-1: Called Strike 1-2: Ground out 6-3 (Groundball, 6, EV 83.1 MPH)
|
Batting: RHB Cristo Mercado
|
0-0: Ball 1-0: Ball 2-0: Ball 3-0: Called Strike 3-1: Swinging Strike 3-2: Fly out, F4 (Popup, 4S, EV 77.5 MPH)
|
Batting: SHB Leonard Davis
|
0-0: Called Strike 0-1: Ground out U3 (Groundball, 3, EV 103.1 MPH)
|
Bottom of the 2nd over - 0 runs, 0 hits, 0 errors, 0 left on base; Belleville 2 - Grim 1 |
TOP OF THE 3RD |
Belleville Bulls batting - Pitching for Grim Reapers : RHP Alberto López
|
Batting: RHB Conan Porter
|
0-0: Foul Ball, location: 2F 0-1: Ball 1-1: Called Strike 1-2: Foul Ball, location: 2F 1-2: Strikes out swinging
|
Batting: SHB Aristotle Auer
|
0-0: Swinging Strike 0-1: SINGLE (Groundball, 5S, EV 61.9 MPH) (infield hit)
|
Batting: RHB Tom Rowland
|
0-0: Ball 1-0: Ball Passed Ball! Aristotle Auer to second 2-0: Called Strike 2-1: Foul Ball, location: 2F 2-2: Foul Ball, location: 2F 2-2: Ball 3-2: Base on Balls
|
Batting: RHB Amor Campos
|
0-0: Foul Ball, location: 2F 0-1: Foul Ball, location: 2F 0-2: Foul Ball, location: 2F 0-2: Ball 1-2: Fly out, F6 (Popup, 6M, EV 75.0 MPH)
|
Batting: RHB Spencer Wiggins
|
0-0: Ball 1-0: Foul Ball, location: 2F 1-1: Swinging Strike 1-2: Foul Ball, location: 2F 1-2: Ball 2-2: SINGLE (Groundball, 56D, EV 102.5 MPH) Aristotle Auer to third Tom Rowland to second Runner from 3rd tries for Home, SAFE, throw by LF to home
|
Batting: LHB Travis Ladd
|
0-0: Called Strike 0-1: Foul Ball, location: 2F 0-2: Foul Ball, location: 2F 0-2: Foul Ball, location: 2F 0-2: Strikes out swinging
|
Top of the 3rd over - 1 run, 2 hits, 0 errors, 2 left on base; Belleville 3 - Grim 1 |
BOTTOM OF THE 3RD |
Grim Reapers batting - Pitching for Belleville Bulls : RHP Jonathan Campbell
|
Batting: LHB Lorenzo Ortíz
|
0-0: Ball 1-0: Ground out U3 (Groundball, 3L, EV 89.4 MPH)
|
Batting: RHB Hayes Rutherford
|
0-0: Ball 1-0: DOUBLE (Line Drive, 89XD, EV 101.2 MPH)
|
Batting: RHB Lonnie Doble
|
0-0: Ball 1-0: Ground out 3-1 (Groundball, 34S, EV 65.0 MPH) Hayes Rutherford to third
|
Batting: SHB Fernando Urby
|
0-0: Foul Ball, location: 2F 0-1: Foul Ball, location: 2F 0-2: Strikes out swinging
|
Bottom of the 3rd over - 0 runs, 1 hit, 0 errors, 1 left on base; Belleville 3 - Grim 1 |
TOP OF THE 4TH |
Belleville Bulls batting - Pitching for Grim Reapers : RHP Alberto López
|
Batting: RHB Josh Iriarte
|
0-0: Ball 1-0: Swinging Strike 1-1: Swinging Strike 1-2: Strikes out looking
|
Batting: RHB Sean Urien
|
0-0: Fly out, F8 (Flyball, 8RXD, EV 97.5 MPH)
|
Batting: RHB Han Spoelstra
|
0-0: Ball 1-0: SINGLE (Line Drive, 4D, EV 101.2 MPH)
|
Batting: RHB Conan Porter
|
0-0: Ball 1-0: Called Strike 1-1: Ball 2-1: Foul Ball, location: 2F 2-2: Foul Ball, location: 2F 2-2: Ball 3-2: Strikes out looking
|
Top of the 4th over - 0 runs, 1 hit, 0 errors, 1 left on base; Belleville 3 - Grim 1 |
BOTTOM OF THE 4TH |
Grim Reapers batting - Pitching for Belleville Bulls : RHP Jonathan Campbell
|
Batting: LHB Lonnie Baker
|
0-0: Ball 1-0: Ball 2-0: Ground out 4-3 (Groundball, 4, EV 85.6 MPH)
|
Batting: SHB Tekkan Hayagawa
|
0-0: Foul Ball, location: 2F 0-1: Foul Ball, location: 2F 0-2: Ball 1-2: Ball 2-2: Foul Ball, location: 2F 2-2: Foul Ball, location: 2F 2-2: Fly out, F7 (Flyball, 7, EV 80.6 MPH)
|
Batting: RHB Alfred Coleman
|
0-0: Ball 1-0: Ground out 4-3 (Groundball, 4, EV 100.0 MPH)
|
Bottom of the 4th over - 0 runs, 0 hits, 0 errors, 0 left on base; Belleville 3 - Grim 1 |
TOP OF THE 5TH |
Belleville Bulls batting - Pitching for Grim Reapers : RHP Alberto López
|
Batting: SHB Aristotle Auer
|
0-0: Ball 1-0: Foul Ball, location: 2F 1-1: Swinging Strike 1-2: Ball 2-2: DOUBLE (Flyball, 8RXD, EV 93.8 MPH)
|
Batting: RHB Tom Rowland
|
0-0: Called Strike 0-1: SINGLE (Groundball, 34D, EV 110.0 MPH) Aristotle Auer to third Runner from 3rd tries for Home, SAFE, throw by RF to home
|
Batting: RHB Amor Campos
|
0-0: Ball 1-0: Foul Ball, location: 2F 1-1: Swinging Strike 1-2: Ball 2-2: Ball 3-2: Foul Ball, location: 2F 3-2: Fielders Choice at 2nd, 1-6 (Groundball, 23, EV 64.4 MPH)
|
Batting: RHB Spencer Wiggins
|
0-0: Swinging Strike 0-1: Ball 1-1: Called Strike 1-2: Foul Ball, location: 2F 1-2: Foul Ball, location: 2F 1-2: Ball 2-2: Ball 3-2: Strikes out swinging
|
Pitching: RHP Arnold Sutkamp
|
|
Batting: LHB Travis Ladd
|
0-0: Ground out U3 (Groundball, 34S, EV 86.2 MPH)
|
Top of the 5th over - 1 run, 2 hits, 0 errors, 1 left on base; Belleville 4 - Grim 1 |
BOTTOM OF THE 5TH |
Grim Reapers batting - Pitching for Belleville Bulls : RHP Jonathan Campbell
|
Batting: RHB Cristo Mercado
|
0-0: Ball 1-0: Ground out 6-3 (Groundball, 6, EV 102.5 MPH)
|
Batting: SHB Leonard Davis
|
0-0: Foul Ball, location: 2F 0-1: Ball 1-1: Swinging Strike 1-2: Foul Ball, location: 2F 1-2: Ball 2-2: Strikes out looking
|
Batting: LHB Lorenzo Ortíz
|
0-0: Hit by Pitch
|
Batting: RHB Hayes Rutherford
|
0-0: DOUBLE (Flyball, 8RD, EV 95.0 MPH) Lorenzo Ortíz to third Runner from 3rd tries for Home, SAFE, throw by CF to home
|
Batting: RHB Lonnie Doble
|
0-0: Called Strike 0-1: Swinging Strike 0-2: Foul Ball, location: 2F 0-2: Strikes out swinging
|
Bottom of the 5th over - 1 run, 1 hit, 0 errors, 1 left on base; Belleville 4 - Grim 2 |
TOP OF THE 6TH |
Belleville Bulls batting - Pitching for Grim Reapers : RHP Arnold Sutkamp
|
Batting: RHB Josh Iriarte
|
0-0: Foul Ball, location: 2F 0-1: Swinging Strike 0-2: Ball 1-2: Strikes out swinging
|
Batting: RHB Sean Urien
|
0-0: Foul Ball, location: 2F 0-1: Foul Ball, location: 2F 0-2: Foul Ball, location: 2F 0-2: Foul Ball, location: 2F 0-2: Ball 1-2: Strikes out swinging
|
Batting: RHB Han Spoelstra
|
0-0: Ball 1-0: Swinging Strike 1-1: Ball 2-1: Called Strike 2-2: Foul Ball, location: 2F 2-2: Ball 3-2: SINGLE (Line Drive, 7S, EV 103.8 MPH)
|
Batting: RHB Conan Porter
|
0-0: Ball 1-0: Called Strike Han Spoelstra steals 2nd base 1-1: Foul Ball, location: 2F 1-2: Strikes out looking
|
Top of the 6th over - 0 runs, 1 hit, 0 errors, 1 left on base; Belleville 4 - Grim 2 |
BOTTOM OF THE 6TH |
Grim Reapers batting - Pitching for Belleville Bulls : RHP Jonathan Campbell
|
Batting: SHB Fernando Urby
|
0-0: Foul Ball, location: 2F 0-1: Fly out, F7 (Line Drive, 7, EV 103.1 MPH)
|
Batting: LHB Lonnie Baker
|
0-0: Ground out U3 (Groundball, 3, EV 101.9 MPH)
|
Batting: SHB Tekkan Hayagawa
|
0-0: Ball 1-0: Ball 2-0: Ball 3-0: Called Strike 3-1: Called Strike 3-2: Fly out, F4 (Line Drive, 4, EV 63.8 MPH)
|
Bottom of the 6th over - 0 runs, 0 hits, 0 errors, 0 left on base; Belleville 4 - Grim 2 |
TOP OF THE 7TH |
Belleville Bulls batting - Pitching for Grim Reapers : RHP Arnold Sutkamp
|
Batting: SHB Aristotle Auer
|
0-0: Foul Ball, location: 2F 0-1: DOUBLE (Line Drive, 7LD, EV 99.4 MPH)
|
Batting: RHB Tom Rowland
|
0-0: Ball 1-0: Foul Ball, location: 2F 1-1: Swinging Strike 1-2: Strikes out looking
|
Batting: RHB Amor Campos
|
0-0: Ball Wild Pitch! Aristotle Auer to third 1-0: Ball 2-0: Ball 3-0: Base on Balls
|
Batting: RHB Spencer Wiggins
|
0-0: Ball 1-0: Foul Ball, location: 2F 1-1: Ball 2-1: Foul Ball, location: 2F 2-2: Fly out, F9 (Flyball, 89M, EV 75.6 MPH) Runner from 3rd tags up, SCORES, no throw by RF
|
Batting: LHB Travis Ladd
|
0-0: Called Strike 0-1: Ball 1-1: Foul Ball, location: 2F 1-2: Ball 2-2: Foul Ball, location: 2F 2-2: Ball 3-2: Ground out 6-3 (Groundball, 6M, EV 78.1 MPH)
|
Top of the 7th over - 1 run, 1 hit, 0 errors, 1 left on base; Belleville 5 - Grim 2 |
BOTTOM OF THE 7TH |
Grim Reapers batting - Pitching for Belleville Bulls : RHP Jonathan Campbell
|
Pitching: RHP Bobby Martin
|
|
Batting: RHB Alfred Coleman
|
0-0: Called Strike 0-1: Foul Ball, location: 2F 0-2: SINGLE (Line Drive, 4MD, EV 105.0 MPH)
|
Batting: RHB Cristo Mercado
|
0-0: Ball 1-0: Fly out, F4 (Popup, 4S, EV 80.6 MPH)
|
Batting: SHB Leonard Davis
|
Pickoff Throw to First - Out! 1-3 0-0: Called Strike 0-1: Called Strike 0-2: Ball 1-2: Ball 2-2: SINGLE (Line Drive, 5D, EV 110.6 MPH)
|
Batting: LHB Lorenzo Ortíz
|
0-0: Ball 1-0: Ball 2-0: Foul Ball, location: 2F 2-1: Called Strike 2-2: Ball 3-2: SINGLE (Line Drive, 6, EV 96.2 MPH) Leonard Davis to second Leonard Davis to third
|
Batting: RHB Hayes Rutherford
|
0-0: Called Strike 0-1: Foul Ball, location: 2F 0-2: Strikes out swinging
|
Bottom of the 7th over - 0 runs, 3 hits, 0 errors, 2 left on base; Belleville 5 - Grim 2 |
TOP OF THE 8TH |
Belleville Bulls batting - Pitching for Grim Reapers : RHP Arnold Sutkamp
|
Batting: RHB Josh Iriarte
|
0-0: Called Strike 0-1: Swinging Strike 0-2: Ball 1-2: Foul Ball, location: 2F 1-2: Strikes out looking
|
Batting: RHB Sean Urien
|
0-0: Fly out, F8 (Flyball, 8LM, EV 81.9 MPH)
|
Batting: RHB Han Spoelstra
|
0-0: Fly out, F9 (Line Drive, 9LM, EV 99.4 MPH)
|
Top of the 8th over - 0 runs, 0 hits, 0 errors, 0 left on base; Belleville 5 - Grim 2 |
BOTTOM OF THE 8TH |
Grim Reapers batting - Pitching for Belleville Bulls : RHP Bobby Martin
|
Batting: RHB Lonnie Doble
|
0-0: Ball 1-0: Called Strike 1-1: Foul Ball, location: 2F 1-2: Strikes out swinging
|
Batting: SHB Fernando Urby
|
0-0: Foul Ball, location: 2F 0-1: Fly out, F8 (Flyball, 8LM, EV 84.4 MPH)
|
Batting: LHB Lonnie Baker
|
0-0: Ball 1-0: Foul Ball, location: 2F 1-1: Swinging Strike 1-2: Fly out, F7 (Flyball, 7LM, EV 84.4 MPH)
|
Bottom of the 8th over - 0 runs, 0 hits, 0 errors, 0 left on base; Belleville 5 - Grim 2 |
TOP OF THE 9TH |
Belleville Bulls batting - Pitching for Grim Reapers : RHP Arnold Sutkamp
|
Pitching: RHP John Weaver
|
|
Batting: RHB Conan Porter
|
0-0: Ball 1-0: Swinging Strike 1-1: Ball 2-1: Swinging Strike 2-2: Ball 3-2: Strikes out swinging
|
Batting: SHB Aristotle Auer
|
0-0: SINGLE (Groundball, 34, EV 101.9 MPH) (infield hit)
|
Batting: RHB Tom Rowland
|
0-0: SINGLE (Line Drive, 7S, EV 93.1 MPH) Aristotle Auer to second
|
Batting: RHB Amor Campos
|
0-0: Foul Ball, location: 2F 0-1: Called Strike 0-2: Foul Ball, location: 2F 0-2: Grounds into double play, 4-6-3 (Groundball, 4, EV 89.4 MPH)
|
Top of the 9th over - 0 runs, 2 hits, 0 errors, 1 left on base; Belleville 5 - Grim 2 |
BOTTOM OF THE 9TH |
Grim Reapers batting - Pitching for Belleville Bulls : RHP Bobby Martin
|
Pitching: RHP Manuel Rodríguez
|
|
Batting: SHB Tekkan Hayagawa
|
0-0: Foul Ball, location: 2F 0-1: Swinging Strike 0-2: Ball 1-2: SINGLE (Groundball, 3D, EV 106.2 MPH)
|
Batting: RHB Alfred Coleman
|
0-0: Grounds into double play, 4-6-3 (Groundball, 4, EV 94.4 MPH)
|
Batting: RHB Cristo Mercado
|
0-0: Ball 1-0: SINGLE (Line Drive, 7S, EV 99.4 MPH)
|
Batting: SHB Leonard Davis
|
0-0: Ball 1-0: Called Strike 1-1: Ball 2-1: Ground out U3 (Groundball, 3, EV 77.5 MPH)
|
Bottom of the 9th over - 0 runs, 2 hits, 0 errors, 1 left on base; Belleville 5 - Grim 2 |
|